 Dungeon Crawl Stone Soup version 0.29-a0-1006-g0dd7720b37 (webtiles) character file.

Game seed: 10043280560329147401

2844 vurker the Insei (level 9, -7/46 HPs)
             Began as a Vine Stalker Enchanter on Aug 6, 2022.
             Was a Follower of Makhleb.
             Mangled by a yak (13 damage)
             ... on level 7 of the Dungeon.
             The game lasted 00:11:03 (6515 turns).

vurker the Insei (Vine Stalker Enchanter)           Turns: 6515, Time: 00:11:04

Health: -7/46      AC: 11    Str: 15    XL:     9   Next: 74%
Magic:  0/13       EV: 11    Int: 17    God:    Makhleb [*.....]
Gold:   319        SH:  5    Dex: 10    Spells: 12/12 levels left

rFire   + . .      SeeInvis .     - Unarmed
rCold   + . .      Faith    .   (no shield)
rNeg    . . .      Spirit   +   c - +4 ring mail {rC+}
rPois   .          Reflect  +   (no helmet)
rElec   .          Harm     .   (no cloak)
rCorr   .          Rampage  .   (no gloves)
Will    ++...                   g - +0 pair of boots
Stlth   ++........              d - amulet of reflection
HPRegen 0.95/turn               p - ring "Dour Hass" {rF+ Will+ Int+2 Dex-5}
MPRegen 0.13/turn               (no ring)

@: no status effects
A: fangs 3, regeneration 1, magic shield, antimagic bite, no potion heal 2
a: Renounce Religion


You were on level 7 of the Dungeon.
You worshipped Makhleb.
Makhleb was aware of your devotion.
You visited 2 branches of the dungeon, and saw 8 of its levels.

You collected 426 gold pieces.
You spent 107 gold pieces at shops.

Inventory:

Armour
 c - a +4 ring mail of cold resistance (worn)
   (You took it off Terence on level 3 of the Dungeon)
 g - a +0 pair of boots (worn)
   (You found it on level 1 of the Dungeon)
Jewellery
 d - an amulet of reflection (around neck)
   (You found it on level 1 of the Dungeon)
 p - the ring "Dour Hass" (left hand) {rF+ Will+ Int+2 Dex-5}
   (You found it on level 6 of the Dungeon)

   [ring of willpower]

   Int:       It affects your intelligence (+2).
   Dex:       It affects your dexterity (-5).
   rF:        It protects you from fire.
   Will:      It increases your willpower.
Wands
 h - a wand of mindburst (19)
   (You found it on level 4 of the Dungeon)
Scrolls
 f - a scroll of magic mapping
 n - 2 scrolls of teleportation
Potions
 a - 3 potions of lignification
 b - 2 potions of flight
 j - a potion of haste
 k - a potion of mutation {unknown}
 l - 3 potions of curing
 m - 2 potions of might
 o - a potion of invisibility
 q - a potion of heal wounds {unknown}


   Skills:
 + Level 4.9 Fighting
 - Level 0.8 Short Blades
 + Level 4.4 Armour
 + Level 4.7 Dodging
 - Level 3.6 Stealth
 * Level 7.9 Unarmed Combat
 - Level 2.1 Spellcasting
 - Level 3.0 Hexes
 + Level 3.7 Invocations


You had 12 spell levels left.
You didn't know any spells.
Your spell library contained the following spells:

 Spells                   Type           Power      Damage    Failure   Level
 Ensorcelled Hibernation  Hex/Ice        12%        N/A       28%         2
 Confusing Touch          Hex            12%        N/A       30%         3
 Tukima's Dance           Hex            12%        N/A       30%         3
 Blink                    Tloc           2%         N/A       47%         2
 Scorch                   Fire           2%         2d5       47%         2
 Static Discharge         Conj/Air       1%         3-4/arc   47%         2
 Dazzling Flash           Conj/Hex       12%        N/A       50%         3
 Dispel Undead            Necr           1%         3d6       98%         4
 Flame Wave               Conj/Fire      1%         2d4       98%         4
 Sticky Flame             Conj/Fire      1%         2d3       98%         4
 Manifold Assault         Tloc           1%         N/A       100%        5
 Summon Cactus Giant      Summ           0%         N/A       100%        6
 Storm Form               Tmut/Air       0%         N/A       100%        7


Dungeon Overview and Level Annotations

Branches:
Dungeon (7/15)             Temple (1/1) D:4

Altars:
Ashenzari
Cheibriados
Elyvilon
Gozag
Hepliaklqana
Makhleb
Nemelex Xobeh
Okawaru
Qazlal
Ru
Sif Muna
Trog
Uskayaw
Vehumet
Wu Jian
Xom
Yredelemnul
Zin

Shops:
D:6 *

Annotations:
D:6 exclusion: door


Innate Abilities, Weirdness & Mutations

You have razor-sharp teeth.
Your natural rate of healing is unusually fast.
When hurt, damage is shared between your health and your magic reserves.
Your bite disrupts and absorbs the magic of your enemies.
Potions cannot restore your health.


Message History

Your life force feels restored.
You punch the yak! You bite the yak, but do no damage.
The yak barely misses you. The yak gores you.
You barely miss the yak. You block the yak's attack. The yak gores you. x2
* * * LOW HITPOINT WARNING * * *
You punch the yak! You bite the yak. You drain its power.
You feel invigorated. The yak gores you.
* * * LOW HITPOINT WARNING * * *
You block the yak's attack. The yak barely misses you.
You barely miss the yak. Your bite misses the yak. The yak gores you!
* * * LOW HITPOINT WARNING * * *
The yak closely misses you. x2
Unknown command.
You completely miss the yak. You punch the yak.
You bite the yak, but do no damage. The yak gores you!
* * * LOW HITPOINT WARNING * * *
The yak gores you but does no damage. The yak barely misses you.
Unknown command.
You barely miss the yak.
Unknown command.
You punch the yak!
You kill the yak!
Makhleb accepts your kill.
You feel better. The yak gores you.
* * * LOW HITPOINT WARNING * * *
The yak barely misses you.
You hit the yak. The yak misses you. The yak barely misses you.
You hit the yak but do no damage. Your bite misses the yak.
You block the yak's attack. x2
You punch the yak! The yak gores you!
* * * LOW HITPOINT WARNING * * *
The yak gores you.
* * * LOW HITPOINT WARNING * * *
You closely miss the yak. You punch the yak. Your bite misses the yak.
The yak gores you.
* * * LOW HITPOINT WARNING * * *
The yak barely misses you. The yak gores you!
* * * LOW HITPOINT WARNING * * *
The yak attacks as you move away! The yak barely misses you.
An orc comes into view. It is wielding a +0 mace.
The yak attacks as you move away! The yak barely misses you.
The yak attacks as you move away! The yak gores you but does no damage.
The yak attacks as you move away! The yak gores you but does no damage.
The yak attacks as you move away! The yak gores you!
* * * LOW HITPOINT WARNING * * *
The yak attacks as you move away! The yak gores you.
* * * LOW HITPOINT WARNING * * *
The yak attacks as you move away! The yak gores you!
You die...

#....######..## ##.....## #....#
##..# ##........ ##...## #..##
#......... #....# ##..#
##......... .....# #..##
##.......... .##..##
##..#####........... # ##..##
#.................. #...##
####..................
##...####....@####..........##
#............YY##.........##
##...............[.........##
#..............[[.........)#
##...........................
#.....(............>......... #
##............................ .#
#.............................
..##.............................


You could see 2 yaks.

Vanquished Creatures
  Grinder (D:3)
  3 yaks (D:7)
  Menkaure (D:7)
  2 water moccasins
  An ice beast (D:5)
  A black bear (D:5)
  2 sky beasts (D:7)
  2 ogres
  3 phantoms
  A centaur (D:6)
  A necrophage (D:5)
  2 scorpions (D:6)
  4 wights (D:7)
  A jelly (D:4)
  2 orc priests
  5 hounds
  Terence (D:3)
  Natasha (thrice) (D:3)
  4 iguanas
  3 orc wizards
  9 adders
  An ufetubus (D:5)
  2 worms
  2 dart slugs
  8 orcs
  3 bats
  7 endoplasms
  A giant cockroach (D:2)
  15 goblins
  7 hobgoblins
  3 jackals (D:3)
  3 quokkas
  13 ball pythons
  2 frilled lizards (D:3)
  10 kobolds
  4 rats
133 creatures vanquished.

Vanquished Creatures (others)
  3 fungi (D:3)
  10 plants (D:3)
13 creatures vanquished.

Grand Total: 146 creatures vanquished

Notes
Turn   | Place    | Note
-------+----------+-------------------------------------------
     0 | D:1      | vurker the Vine Stalker Enchanter began the quest for the
                  | Orb.
     0 | D:1      | Reached XP level 1. HP: 9/9 MP: 4/4
     3 | D:1      | Noticed an electric eel
     4 | D:1      | Noticed an electric eel
   156 | D:1      | Reached skill level 1 in Unarmed Combat
   156 | D:1      | Reached XP level 2. HP: 14/14 MP: 6/6
   832 | D:1      | Reached skill level 1 in Fighting
   985 | D:1      | Reached XP level 3. HP: 13/18 MP: 4/7
  1281 | D:1      | You fall into a shaft and drop 1 floor!
  1874 | D:2      | Reached skill level 2 in Unarmed Combat
  2390 | D:3      | Gained mutation: Your natural rate of healing is unusually
                  | fast. [Vine Stalker growth]
  2390 | D:3      | Reached XP level 4. HP: 9/22 MP: 8/8
  2488 | D:3      | Noticed Natasha
  2490 | D:3      | Found an opulent altar of Gozag.
  2509 | D:3      | Killed Natasha
  2510 | D:3      | Reached skill level 1 in Armour
  2592 | D:3      | Noticed Natasha
  2606 | D:3      | HP: 1/22 [white imp[Natasha] (2)]
  2609 | D:3      | Killed Natasha
  2610 | D:3      | Reached XP level 5. HP: 6/26 MP: 1/9
  2719 | D:3      | Reached skill level 3 in Unarmed Combat
  2737 | D:3      | Noticed Natasha
  2744 | D:3      | Killed Natasha
  2748 | D:3      | Found a faded altar of an unknown god.
  2776 | D:3      | Noticed Grinder
  2802 | D:3      | Killed Grinder
  2803 | D:3      | Reached skill level 4 in Unarmed Combat
  2803 | D:3      | Reached XP level 6. HP: 15/32 MP: 3/10
  2857 | D:3      | Found an ornate altar of the Wu Jian Council.
  2924 | D:3      | Found a white marble altar of Elyvilon.
  2926 | D:3      | Noticed Terence
  2968 | D:3      | Killed Terence
  3128 | D:3      | Reached XP level 7. HP: 31/35 MP: 9/11
  3564 | D:4      | Found a staircase to the Ecumenical Temple.
  3576 | Temple   | Entered the Ecumenical Temple
  4228 | D:4      | Reached skill level 5 in Unarmed Combat
  4337 | D:5      | Entered Level 5 of the Dungeon
  4398 | D:5      | Gained mutation: You have razor-sharp teeth. [Vine Stalker
                  | growth]
  4398 | D:5      | Reached XP level 8. HP: 40/40 MP: 12/12
  4425 | D:5      | Found a burning altar of Makhleb.
  4435 | D:5      | Became a worshipper of Makhleb the Destroyer
  4608 | D:5      | Found a sacrificial altar of Ru.
  4637 | D:5      | Reached skill level 1 in Invocations
  4665 | D:5      | Reached skill level 6 in Unarmed Combat
  4915 | D:5      | Found a snail-covered altar of Cheibriados.
  5019 | D:6      | Noticed a yak
  5440 | D:6      | Identified the ring "Dour Hass" {rF+ Will+ Int+2 Dex-5}
  5479 | D:6      | Found Ycluy's Assorted Antiques.
  5487 | D:6      | Bought a cyan potion for 26 gold pieces
  5487 | D:6      | Bought a scroll labelled ZOCOIMAV ISELL for 29 gold pieces
  5487 | D:6      | Bought a metallic red potion for 26 gold pieces
  5487 | D:6      | Bought a metallic red potion for 26 gold pieces
  5571 | D:6      | Reached XP level 9. HP: 45/45 MP: 9/13
  5612 | D:6      | Found a sparkling altar of Nemelex Xobeh.
  5997 | D:6      | Reached skill level 7 in Unarmed Combat
  6021 | D:6      | Reached * piety under Makhleb
  6080 | D:7      | Noticed Menkaure
  6086 | D:7      | Killed Menkaure
  6498 | D:7      | HP: 1/46 [yak (6)]
  6515 | D:7      | Mangled by a yak

Illustrated notes

Levels and vault maps discovered:
D:1:      arrival_aquarium_b, layout_basic
D:2:      layout_rooms
D:3:      kennysheep_big_flooded_room, layout_loops_ring,
          mainiacjoe_overflow_six_doors_small,
          mainiacjoe_overflow_small_starburst, grunt_gozag_breadcrumbs,
          shapermc_ecumenical_altar_mp_ritualfount, kennysheep_crisscross,
          hex_medium, saegor_snake_ambush, uniq_terence, uniq_natasha,
          uniq_grinder
D:4:      layout_loops_corners, minmay_temple_entry_grid,
          mrwooster_statue_mirror
D:5:      layout_cave_pools, makhleb_heckhound_becter, kennysheep_slug_shrine,
          general_overflow_altar, minmay_ogre_servants
D:6:      minmay_clustersquares, layout_basic, marbit_many_paths, serial_shops,
          nicolae_shop_waterfront
D:7:      layout_layer_cave, mainiacjoe_overflow_tiny_flanked, uniq_menkaure
Temple:   hellmonk_temple_of_storms

Skill      XL: |  1  2  3  4  5  6  7  8  9 |
---------------+----------------------------+-----
Unarmed Combat | 1 2 4 5 6 7 |  7.9
Fighting       | 1 2 3 4 |  4.9
Dodging        | 2 3 4 |  4.7
Armour         | 1 2 3 4 |  4.4
Invocations    | 2 3 |  3.7
Short Blades   | |  0.8
Stealth        | |  3.6
Spellcasting   | |  2.1
Hexes          | |  3.0

Action                   |  1- 3 |  4- 6 |  7- 9 || total
-------------------------+-------+-------+-------++-------
Melee: Dagger            |    27 |       |       ||    27
       Bite              |    30 |    37 |   106 ||   173
       Unarmed           |   102 |   149 |   370 ||   621
       Punch             |     1 |     5 |    16 ||    22
  Use: Scroll            |     1 |       |    14 ||    15
       Potion            |       |     2 |       ||     2
 Stab: Sleeping          |     7 |     5 |     5 ||    17
       Invisible         |       |     5 |       ||     5
       Distracted        |       |     1 |       ||     1
Armor: Robe              |    21 |    19 |       ||    40
       Ring mail         |       |     5 |   182 ||   187
Dodge: Dodged            |    65 |    88 |   196 ||   349
Block: Other             |    17 |    44 |    86 ||   147
       Reflection        |       |       |     2 ||     2

Table legend: (Time is in decaauts)
 A = Elapsed time spent in this place.
 B = Non-inter-level travel time spent in this place.
 C = Inter-level travel time spent in this place.
 D = Time resting spent in this place.
 E = Time spent auto-exploring this place.
 F = Levels seen in this place.
 G = Mean time per level.
                   A        B        C        D        E       F      G
               +--------+--------+--------+--------+--------+-----+--------+
         Total |   6512 |   6244 |    268 |     68 |   4741 |   8 |  814.0 |
       Dungeon |   6471 |   6209 |    262 |     68 |   4717 |   7 |  924.4 |
        Temple |     40 |     34 |      6 |      0 |     24 |   1 |   40.0 |
               +--------+--------+--------+--------+--------+-----+--------+

Top non-repeatable levels by time:
     D:1: 1543 daAuts
     D:6: 1102 daAuts
     D:3: 1077 daAuts
     D:4: 878 daAuts
     D:2: 825 daAuts
     D:5: 641 daAuts
     D:7: 402 daAuts
  Temple: 40 daAuts
